 Dungeon Sprint DCSS version 0.28.0-43-g3370ac3207 (webtiles) character file.

Game seed: 15440117481190097587

1271 boopmooplesden the Carver (level 8, -3/79 HPs)
             Began as a Minotaur Fighter on Mar 29, 2022.
             Was a Priest of Trog.
             Slain by Erica
             ... wielding a +3 scimitar of flaming
              (11 damage)
             ... in the Dungeon (Sprint III: "The Ten Rune Challenge").
             The game lasted 00:02:42 (870 turns).

boopmooplesden the Carver (Minotaur Fighter)         Turns: 870, Time: 00:02:43

Health: -3/79      AC:  9    Str: 21    XL:     8   Next: 28%
Magic:  7/7        EV: 12    Int:  5    God:    Trog [***...]
Gold:   20         SH:  6    Dex: 12    Spells: 7/7 levels left

rFire   . . .      SeeInvis .   q - +3 long sword (holy)
rCold   . . .      Faith    .   c - +0 buckler
rNeg    . . .      Spirit   .   b - +0 scale mail
rPois   .          Reflect  .   (helmet restricted)
rElec   +          Harm     .   (no cloak)
rCorr   .          Rampage  .   (no gloves)
Will    .....      Clarity  +   (no boots)
Stlth   .......... NoTele   +   (no amulet)
HPRegen 0.23/turn               (no ring)
MPRegen 0.10/turn               (no ring)

@: on berserk cooldown, slowed, very slow
A: horns 2, retaliatory headbutt, clarity, electricity resistance
a: Renounce Religion, Berserk, Trog's Hand


You were in the Dungeon.
You worshipped Trog.
Trog was most pleased with you.
You visited 1 branch You collected 20 gold pieces.

Inventory:

Hand Weapons
 a - a +0 long sword
 q - a +3 long sword of holy wrath (weapon)
Armour
 b - a +0 scale mail (worn)
 c - a +0 buckler (worn)
Wands
 d - a wand of charming (7)
Scrolls
 j - a scroll of blinking
 k - a scroll of fear {unknown}
 l - a scroll of holy word {unknown}
 m - 3 scrolls of identify
 o - a scroll of torment {unknown}
Potions
 e - a potion of curing
 f - 2 potions of heal wounds
 g - a potion of haste
 h - 2 potions of magic
 i - a potion of berserk rage
 n - 2 potions of flight {unknown}
 p - 2 potions of mutation
Miscellaneous
 r - a phantom mirror (inert)


   Skills:
 + Level 10.2 Fighting
 + Level 12.3 Long Blades
 + Level 11.5 Armour
 + Level 6.0 Dodging
 + Level 9.9 Shields


You had 7 spell levels left.
You didn't know any spells.
Your spell library was empty.

Dungeon Overview and Level Annotations

Branches:
Dungeon (1/1)

Altars:
Cheibriados
Dithmenos
Elyvilon
Fedhas
Gozag
Hepliaklqana
Kikubaaqudgha
Makhleb
Nemelex Xobeh
Okawaru
Qazlal
Ru
Sif Muna
Trog
Uskayaw
Vehumet
Wu Jian
Xom
Yredelemnul
Zin
The Shining One
Beogh
Jiyva
Lugonu

Annotations:
D Erica


Innate Abilities, Weirdness & Mutations

You have a pair of horns on your head.
You reflexively headbutt those who attack you in melee.
You possess an exceptional clarity of mind.
You are resistant to electric shocks. (rElec)


Message History

Your unstable footing causes you to fumble your attack.
You block something's attack.
You miss something. Your headbutt misses something.
Erica shimmers and vanishes!
Your unstable footing causes you to fumble your attack.
You hear some strange, mumbled words.
A bolt of poison appears from out of thin air!
The bolt of poison misses you.
Your unstable footing causes you to fumble your attack.
You are no longer berserk.
You are exhausted.
You feel yourself slow down.
You hear some strange, mumbled words.
A lance of force appears from out of thin air!
The lance of force hits you!!
You are knocked back by the lance of force.
You slam into the unnaturally hard rock wall!
You hear some strange, mumbled words.
Something tries to affect you, but you resist.
You enter the shallow water.
Moving in this stuff is going to be slow.
Something hits you! Something burns you.
You hear a splashing noise.
Your unstable footing causes you to fumble your attack.
You hear some strange, mumbled words.
You feel momentarily confused. Something hits you.
* * * LOW HITPOINT WARNING * * *
Something burns you.
* * * LOW HITPOINT WARNING * * *
You slice something!! You headbutt something. Something hits you!
* * * LOW HITPOINT WARNING * * *
Something burns you.
* * * LOW HITPOINT WARNING * * *
You hit something.
You hear a splashing noise.
Your unstable footing causes you to fumble your attack.
You hear some strange, mumbled words.
Something tries to affect you, but you resist.
Something hits you!
You die...

..#___#___#__#
..#†..#__)#._#
..###'#'###)##
..#..........#
..'.⌠........#
..#...######'#
..#.⌠.#__#...#+#####
..#...#__#...#..{§§+
..#'###__#...#.#@§§#
..#.):#__#...'.#§§§#
..#___#__'...#.#§§§#
▓▓▓▓▓▓▓▓▓▓▓▓▓▓▓▓▓▓▓▓


There were no monsters in sight!

Vanquished Creatures
  A deep elf pyromancer (D)
  A shadow (D)
  A spatial vortex (D)
  A necrophage (D)
  A water elemental (D)
  A scorpion (D)
  A jelly (D)
  A wizard (D)
  A necromancer (D)
  A kobold demonologist (D)
  3 humans (D)
  An endoplasm (D)
  3 rats (D)
17 creatures vanquished.

Notes
Turn   | Place    | Note
-------+----------+-------------------------------------------
     0 | D        | boopmooplesden the Minotaur Fighter began the quest for the
                  | Orb.
     0 | D        | Reached XP level 1. HP: 19/19 MP: 0/0
    44 | D        | Noticed a scorpion
    51 | D        | Killed a scorpion
    52 | D        | Reached skill level 5 in Fighting
    52 | D        | Reached skill level 4 in Long Blades
    52 | D        | Reached skill level 5 in Armour
    52 | D        | Reached XP level 2. HP: 30/30 MP: 1/1
    52 | D        | Reached XP level 3. HP: 37/37 MP: 2/2
    68 | D        | Reached skill level 1 in Dodging
    68 | D        | Reached XP level 4. HP: 11/44 MP: 3/3
    88 | D        | Gained mutation: You have hidden genetic defects. [potion
                  | of mutation]
    88 | D        | Gained mutation: You are strong-willed. (Will+) [potion of
                  | mutation]
    89 | D        | Lost mutation: You are strong-willed. (Will+) [potion of
                  | mutation]
    89 | D        | Lost mutation: You have hidden genetic defects. [potion of
                  | mutation]
    89 | D        | Gained mutation: You are agile. (Dex +2) [potion of
                  | mutation]
    89 | D        | Gained mutation: You are frail. (-10% HP) [potion of
                  | mutation]
    89 | D        | Gained mutation: You have a pair of large horns on your
                  | head. [potion of mutation]
    90 | D        | Lost mutation: You are agile. (Dex +2) [potion of mutation]
    90 | D        | Lost mutation: You are frail. (-10% HP) [potion of
                  | mutation]
    91 | D        | Lost mutation: You have a pair of large horns on your head.
                  | [potion of mutation]
    91 | D        | Gained mutation: You are resistant to electric shocks.
                  | (rElec) [potion of mutation]
    91 | D        | Gained mutation: You possess an exceptional clarity of
                  | mind. [potion of mutation]
   307 | D        | Noticed a water elemental
   309 | D        | Killed a water elemental
   310 | D        | Reached skill level 6 in Long Blades
   310 | D        | Reached XP level 5. HP: 52/52 MP: 4/4
   314 | D        | Found a hide-covered altar of Uskayaw.
   314 | D        | Found an iron altar of Okawaru.
   314 | D        | Found a bloodstained altar of Trog.
   314 | D        | Found an ornate altar of the Wu Jian Council.
   314 | D        | Noticed a human
   314 | D        | Noticed a human
   321 | D        | Killed a human
   322 | D        | Reached skill level 7 in Long Blades
   326 | D        | Killed a human
   327 | D        | Reached skill level 9 in Long Blades
   327 | D        | Reached XP level 6. HP: 29/62 MP: 5/5
   331 | D        | Became a worshipper of Trog the Wrathful
   496 | D        | Found a basalt altar of Yredelemnul.
   496 | D        | Found a shadowy altar of Dithmenos.
   496 | D        | Found a sacrificial altar of Ru.
   513 | D        | Reached * piety under Trog
   514 | D        | Reached XP level 7. HP: 36/70 MP: 6/6
   672 | D        | Found a glowing silver altar of Zin.
   674 | D        | Found a glowing golden altar of the Shining One.
   674 | D        | Found a white marble altar of Elyvilon.
   674 | D        | Noticed a deep elf pyromancer
   683 | D        | Killed a deep elf pyromancer
   684 | D        | Reached skill level 11 in Long Blades
   684 | D        | Reached skill level 10 in Armour
   684 | D        | Reached skill level 5 in Dodging
   796 | D        | Found a radiant altar of Vehumet.
   798 | D        | Found a shimmering blue altar of Sif Muna.
   798 | D        | Found an ancient bone altar of Kikubaaqudgha.
   799 | D        | Reached ** piety under Trog
   819 | D        | Noticed a shadow
   823 | D        | Killed a shadow
   824 | D        | Reached skill level 10 in Fighting
   824 | D        | Reached skill level 12 in Long Blades
   824 | D        | Reached XP level 8. HP: 78/79 MP: 7/7
   833 | D        | Found a blossoming altar of Fedhas.
   833 | D        | Found a stormy altar of Qazlal.
   833 | D        | Found a snail-covered altar of Cheibriados.
   833 | D        | Found a burning altar of Makhleb.
   833 | D        | Found a shimmering altar of Xom.
   834 | D        | Found a hazy altar of Hepliaklqana.
   834 | D        | Found an opulent altar of Gozag.
   834 | D        | Found a sparkling altar of Nemelex Xobeh.
   834 | D        | Found a corrupted altar of Lugonu.
   834 | D        | Found a viscous altar of Jiyva.
   840 | D        | Reached *** piety under Trog
   852 | D        | Noticed Erica
   870 | D        | Slain by Erica

Illustrated notes

Levels and vault maps discovered:
D:        dungeon_sprint_mu [sprint_mu_entry_cave, sprint_mu_temple_rooms,
          sprint_mu_d1_horrors, sprint_mu_d2_genie, sprint_mu_d3_branching,
          sprint_mu_orc_legion, sprint_mu_elf_gauntlet, sprint_mu_hive_nellie,
          sprint_mu_lair_fedhas, sprint_mu_vaults_butterflies,
          sprint_mu_slime_circle, sprint_mu_swamp_cave, sprint_mu_snake_twists,
          sprint_mu_blade_basic, sprint_mu_crypt_chambers,
          sprint_mu_tomb_spiral, sprint_mu_vestibule_basic,
          sprint_mu_gehenna_hellfire, sprint_mu_dis_giant,
          sprint_mu_tartarus_statrot, sprint_mu_cocytus_islands, sprint_mu_zot1]

Skill      XL: |  1  2  3  4  5  6  7  8 |
---------------+-------------------------+-----
Fighting       | 5 6 7 8 9 10 | 10.2
Armour         | 5 6 7 9 11 | 11.5
Shields        | 6 7 8 9 |  9.9
Long Blades    | 4 6 9 12 | 12.3
Dodging        | 1 3 4 5 6 |  6.0

Action                   |  1- 3 |  4- 6 |  7- 9 || total
-------------------------+-------+-------+-------++-------
Melee: Long sword        |    28 |    29 |    33 ||    90
       Headbutt          |     4 |     4 |     6 ||    14
Invok: Berserk           |       |       |     3 ||     3
Evoke: Phantom mirror    |       |       |     1 ||     1
  Use: Potion            |       |     5 |       ||     5
Armor: Scale mail        |     7 |     7 |     6 ||    20
Dodge: Dodged            |    14 |     9 |     3 ||    26
Block: Buckler           |     6 |     9 |     7 ||    22
